 Dungeon Crawl Stone Soup version 0.30.1-11-g7821555f0a (webtiles) character file.

Game seed: 5338548272917001899

26105 anacleto the Executioner (level 12, -17/138 HPs)
             Began as a Minotaur Berserker on Dec 15, 2023.
             Was an Elder of Trog.
             Demolished by Rupert
             ... wielding a +4 great mace of protection
              (29 damage)
             ... on level 13 of the Dungeon.
             The game lasted 00:42:48 (13427 turns).

anacleto the Executioner (Minotaur Berserker)      Turns: 13427, Time: 00:42:48

Health: -17/138    AC: 13    Str: 28    XL:     12   Next: 95%
Magic:  6/6        EV:  8    Int:  4    God:    Trog [****..]
Gold:   813        SH:  4    Dex: 10    Spells: 11/11 levels left

rFire   . . .        a - +2 battleaxe (antimagic)
rCold   + . .        (shield currently unavailable)
rNeg    . . .        m - +0 plate armour
rPois   .            (helmet restricted)
rElec   .            (no cloak)
rCorr   .            M - +1 pair of gloves {Str+3}
SInv    +            (no boots)
Will    .....        s - amulet of regeneration Stlth
                     c - ring of see invisible
HPRegen 1.23/turn    (no ring)
MPRegen 0.10/turn

%: no passive effects
@: mighty, berserking (expiring), studying Ranged Weapons, very quick
A: horns 2, retaliatory headbutt, large bone plates 1, cold resistance 1, weak
1, evolution 1
a: Renounce Religion, Berserk, Trog's Hand, Brothers in Arms


You were on level 13 of the Dungeon.
You worshipped Trog.
Trog was greatly pleased with you.
You visited 1 branch of the dungeon, and saw 13 of its levels.
You also visited: Sewer and Bailey.

You collected 813 gold pieces.

Inventory:

Hand Weapons
 a - a +2 antimagic battleaxe (weapon)
 b - a +0 arbalest
Missiles
 D - 5 boomerangs of dispersal
 E - 4 curare-tipped darts (quivered)
 R - 2 throwing nets
Armour
 m - a +0 plate armour (worn)
 x - a +2 pair of gloves
 M - a +1 pair of gloves of strength (worn)
Jewellery
 c - a ring of see invisible (left hand)
 d - a ring of poison resistance
 q - a ring of protection from cold
 s - an amulet of regeneration (around neck)
 v - a ring of positive energy
 K - a ring of positive energy
 Q - an amulet of faith
Wands
 w - a wand of flame (32)
 C - a wand of charming (2)
 S - a wand of quicksilver (2)
 V - a wand of digging (3)
Scrolls
 g - 4 scrolls of teleportation
 i - a scroll of identify
 j - 2 scrolls of fear {unknown}
 l - 2 scrolls of poison
 n - 2 scrolls of enchant weapon {unknown}
 p - 2 scrolls of magic mapping {unknown}
 r - 3 scrolls of vulnerability {unknown}
 t - a scroll of enchant armour {unknown}
 u - 2 scrolls of blinking
 y - 4 scrolls of immolation {unknown}
 F - 2 scrolls of noise {unknown}
 H - 2 scrolls of fog
 I - a scroll of amnesia
 T - a scroll of brand weapon
Potions
 e - 5 potions of heal wounds {unknown}
 f - 3 potions of brilliance
 h - 5 potions of curing
 k - a potion of flight {unknown}
 o - 2 potions of lignification {unknown}
 z - a potion of ambrosia {unknown}
 A - 3 potions of magic
 B - 2 potions of resistance {unknown}
 G - a potion of cancellation {unknown}
 J - 2 potions of might
 L - 4 potions of invisibility {unknown}
 O - a potion of haste
 U - 2 potions of attraction {unknown}
Miscellaneous
 N - a phial of floods (inert)


   Skills:
 - Level 4.7 Fighting
 * Level 21.2 Axes
 - Level 10.0 Ranged Weapons
 - Level 3.8 Armour
 - Level 3.5 Dodging
 + Level 9.5 Invocations


You had 11 spell levels left.
You didn't know any spells.
Your spell library was empty.

Dungeon Overview and Level Annotations

Branches:
Dungeon (13/15)            Temple (0/1) D:4            Lair (0/5) D:11
    Orc (0/2) D:9           Sewer (visited)          Bailey (visited)
 Vaults: D:13-14

Altars:
Ashenzari
Hepliaklqana
Trog
Vehumet
Wu Jian
Xom
The Shining One

Shops:
D:7 (

Annotations:
D:2 1 runed translucent door, Crazy Yiuf
D:5 3 runed translucent doors, Grexis's ghost, amateur MiFi; auo's ghost, novice DrTm; hawkwood's ghost, novice DgAr
D:7 exclusion: statue
D:9 1 runed translucent door
D:13 Rupert


Innate Abilities, Weirdness & Mutations

You have a pair of horns on your head.
You reflexively headbutt those who attack you in melee.
You are partially covered in large bone plates. (SH +4)
Your flesh is cold resistant. (rC+)
You are weak. (Str -2)
You have hidden genetic potential.


Message History

You can move again.
You slice Rupert!!
Rupert is heavily wounded.
You barely miss Rupert. You headbutt Rupert, but do no damage.
Rupert is heavily wounded.
You block Rupert's attack.
You hit Rupert. Your headbutt misses Rupert.
Rupert is heavily wounded.
Rupert hits you with a +4 great mace of protection!
You slash Rupert!
Rupert is heavily wounded.
You hit Rupert.
Rupert is severely wounded.
Rupert hits you with a +4 great mace of protection!!
You closely miss Rupert.
Rupert is heavily wounded.
Rupert barely misses you.
You slash Rupert! Your headbutt misses Rupert.
Rupert is severely wounded.
You slash Rupert!
Rupert is severely wounded.
Rupert hits you with a +4 great mace of protection!!
You slash Rupert!
Rupert is almost dead.
Rupert hits you with a +4 great mace of protection!!!
* * * LOW HITPOINT WARNING * * *
You are too berserk!
You barely miss Rupert. Your headbutt misses Rupert.
Rupert is almost dead.
You block Rupert's attack.
You barely miss Rupert.
Rupert is almost dead.
You barely miss Rupert.
Rupert is almost dead.
Rupert hits you with a +4 great mace of protection!
* * * LOW HITPOINT WARNING * * *
You hit Rupert. Your headbutt misses Rupert.
Rupert is almost dead.
Rupert hits you with a +4 great mace of protection!!
You die...

#...######.....#
#.......)......#
#..............#
#...#''###.....#
#...#....#.....#
#...#....#..####
.....#....#..#
......#..@.#..#
####.@.#..@.#..#
#...#....#..# #..
#....#..#
#...#....#..#
+...#....#..#
+##...######..#
.........†....######
........††...........
.....................


You could see Rupert (berserk).

Vanquished Creatures
  Kirke (D:13)
  Snorg (D:10)
  A centaur warrior (D:13)
  4 two-headed ogres
  3 boulder beetles
  An oklob plant (D:11)
  Pikel (D:7)
  3 cyclopes
  3 gargoyles
  Maggie (D:6)
  2 komodo dragons (D:11)
  An unseen horror (D:10)
  A kobold demonologist (D:12)
  5 trolls
  A hornet (D:10)
  A vampire (Bailey)
  2 wyverns
  2 wraiths
  26 yaks
  4 shadows
  A human (D:9)
  5 hogs (D:13)
  2 steam dragons
  6 vampire mosquitoes
  Menkaure (D:6)
  A warg (D:9)
  Edmund (D:5)
  4 acid dragons
  4 water moccasins
  An ice beast (D:6)
  3 sky beasts
  6 orc warriors
  3 black bears
  3 ogres
  5 centaurs
  3 lemures
  2 kobold brigands
  2 phantoms
  4 gnoll sergeants
  A bullfrog (D:7)
  2 scorpions
  Blork the orc (D:4)
  10 wights
  27 killer bees
  8 howler monkeys
  5 vampire bats (Bailey)
  6 wolf zombies (Bailey)
  A jelly (D:4)
  6 orc priests
  A sleepcap (D:5)
  Ijyb (D:5)
  Natasha (thrice) (D:3)
  3 iguanas
  12 orc wizards
  Robin (D:4)
  2 adders
  17 gnolls
  A river rat (D:5)
  A shadow imp (D:5)
  A white imp (D:7)
  An ufetubus (D:5)
  2 worms
  4 dart slugs
  37 orcs
  9 bats
  6 endoplasms
  2 giant cockroaches
  19 goblins
  10 hobgoblins
  9 jackals
  3 quokkas (D:1)
  11 ball pythons
  A frilled lizard (D:3)
  2 goblin skeletons (D:5)
  3 goblin zombies (D:5)
  3 hobgoblin zombies (D:5)
  15 kobolds
  An orc skeleton (D:5)
  23 orc zombies
  15 rats
407 creatures vanquished.

Notes
Turn   | Place    | Note
-------+----------+-------------------------------------------
     0 | D:1      | anacleto the Minotaur Berserker began the quest for the
                  | Orb.
     0 | D:1      | Reached XP level 1. HP: 19/19 MP: 0/0
   206 | D:1      | Reached XP level 2. HP: 27/27 MP: 1/1
   214 | D:1      | Reached skill level 4 in Axes
   602 | D:1      | Reached ** piety under Trog
   603 | D:1      | Reached XP level 3. HP: 32/33 MP: 2/2
   831 | D:2      | You fall into a shaft and drop 1 floor!
  1282 | D:2      | Reached skill level 1 in Ranged Weapons
  1389 | D:2      | Found a runed translucent door.
  1390 | D:2      | Noticed Crazy Yiuf
  1481 | D:3      | Found a faded altar of an unknown god.
  1519 | D:3      | Noticed Natasha
  1524 | D:3      | Killed Natasha
  1525 | D:3      | Reached XP level 4. HP: 40/40 MP: 3/3
  1585 | D:3      | Noticed Natasha
  1590 | D:3      | Killed Natasha
  1650 | D:3      | Noticed Natasha
  1654 | D:3      | Killed Natasha
  1655 | D:3      | Reached skill level 5 in Axes
  1655 | D:3      | Reached XP level 5. HP: 47/47 MP: 4/4
  2082 | D:4      | Noticed Robin
  2186 | D:4      | Killed Robin
  2206 | D:4      | Found a staircase to the Ecumenical Temple.
  2268 | D:4      | Noticed Blork the orc
  2285 | D:4      | Killed Blork the orc
  2288 | D:4      | Reached XP level 6. HP: 53/53 MP: 5/5
  2306 | D:3      | Reached *** piety under Trog
  2470 | D:4      | Reached skill level 6 in Axes
  2658 | D:4      | Reached skill level 7 in Axes
  2722 | D:4      | Found an ornate altar of the Wu Jian Council.
  2764 | D:4      | Reached XP level 7. HP: 60/60 MP: 6/6
  3102 | D:4      | Found a hazy altar of Hepliaklqana.
  3216 | D:5      | Entered Level 5 of the Dungeon
  3308 | D:5      | Found a glowing drain.
  3321 | Sewer    | Entered a sewer
  3390 | Sewer    | Reached skill level 8 in Axes
  3497 | D:5      | Noticed a steam dragon
  3500 | D:5      | Killed a steam dragon
  3501 | D:5      | Reached skill level 9 in Axes
  3531 | D:5      | Identified the +0 robe of the Stonemason {Harm Will+
                  | Stlth+}
  3541 | D:5      | Noticed Ijyb
  3550 | D:5      | Found a glowing golden altar of the Shining One.
  3561 | D:5      | Killed Ijyb
  3626 | D:5      | Reached skill level 10 in Axes
  3626 | D:5      | Reached XP level 8. HP: 67/67 MP: 7/7
  3644 | D:5      | Noticed Edmund
  4005 | D:5      | Reached skill level 11 in Axes
  4079 | D:5      | Killed Edmund
  4159 | D:5      | Reached skill level 12 in Axes
  4390 | D:5      | Found a runed translucent gate.
  4390 | D:5      | Found a runed translucent gate.
  4390 | D:5      | Found a runed translucent gate.
  4390 | D:5      | Noticed hawkwood's ghost (novice DgAr)
  4391 | D:5      | Noticed auo's ghost (novice DrTm)
  4391 | D:5      | Noticed Grexis's ghost (amateur MiFi)
  4584 | D:6      | Found a broken altar of Ashenzari.
  4610 | D:6      | Noticed a gargoyle
  4789 | D:6      | Killed a gargoyle
  4790 | D:6      | Reached skill level 13 in Axes
  4790 | D:6      | Reached XP level 9. HP: 72/72 MP: 8/8
  5175 | D:6      | Noticed a two-headed ogre
  5176 | D:6      | Noticed a troll
  5179 | D:6      | Killed a two-headed ogre
  5180 | D:6      | Reached skill level 14 in Axes
  5183 | D:6      | Killed a troll
  5184 | D:6      | Reached skill level 15 in Axes
  5268 | D:6      | Noticed Menkaure
  5272 | D:6      | Killed Menkaure
  5272 | D:6      | Reached **** piety under Trog
  5333 | D:6      | Noticed a moth of wrath
  5336 | D:6      | Found a bloodstained altar of Trog.
  5404 | D:6      | Noticed Maggie
  5407 | D:6      | Killed Maggie
  5408 | D:6      | Reached skill level 1 in Invocations
  5654 | D:7      | Noticed Pikel
  5654 | D:7      | Found Tafan's Weapon Shop.
  5674 | D:7      | Killed Pikel
  5675 | D:7      | Reached XP level 10. HP: 80/80 MP: 10/10
  5760 | D:7      | Found a shimmering altar of Xom.
  5990 | D:7      | Reached skill level 5 in Ranged Weapons
  5991 | D:7      | Reached skill level 16 in Axes
  6086 | D:7      | Found a radiant altar of Vehumet.
  6454 | D:9      | Reached skill level 17 in Axes
  6463 | D:9      | Noticed a two-headed ogre
  6467 | D:9      | Killed a two-headed ogre
  6479 | D:9      | Reached XP level 11. HP: 82/85 MP: 13/13
  6541 | D:9      | Found a staircase to the Orcish Mines.
  6561 | D:9      | Reached skill level 5 in Invocations
  6568 | D:9      | Reached ***** piety under Trog
  6613 | D:9      | Found a flagged portal.
  6620 | Bailey   | Entered a bailey
  6837 | Bailey   | Identified the orb of a Labyrinth {*channel, Slay+2}
  6980 | Bailey   | Received a gift from Trog
  7264 | D:9      | Identified the +2 dagger of Urydya {protect, Int+2}
  8109 | D:9      | Noticed a red very ugly thing
  8109 | D:9      | Noticed a flayed ghost
  8110 | D:9      | Found a runed translucent door.
  8112 | D:9      | Noticed a fire dragon
  8625 | D:10     | Entered Level 10 of the Dungeon
  8632 | D:10     | Reached skill level 18 in Axes
  9142 | D:9      | Noticed an entropy weaver
  9188 | D:10     | Noticed Snorg
  9198 | D:10     | Killed Snorg
  9199 | D:10     | Reached skill level 10 in Ranged Weapons
  9311 | D:10     | Noticed a boulder beetle
  9321 | D:10     | Noticed a two-headed ogre
  9396 | D:10     | Noticed a two-headed ogre
  9406 | D:10     | Killed a two-headed ogre
  9520 | D:10     | Killed a two-headed ogre
  9574 | D:10     | Killed a boulder beetle
  9631 | D:10     | Reached skill level 19 in Axes
  9770 | D:10     | Reached XP level 12. HP: 88/92 MP: 5/16
 10103 | D:10     | Identified the +6 sling of Ornamental Honour {drain, rElec
                  | rCorr SInv}
 10758 | D:11     | Noticed a boulder beetle
 10778 | D:11     | Killed a boulder beetle
 11051 | D:11     | Reached skill level 20 in Axes
 11053 | D:11     | Found a staircase to the Lair.
 13056 | D:12     | Noticed a boulder beetle
 13072 | D:12     | Killed a boulder beetle
 13168 | D:12     | Gained mutation: Your body sometimes deteriorates upon
                  | taking damage. [potion of mutation]
 13168 | D:12     | Gained mutation: You are partially covered in iridescent
                  | scales. (AC +2) [potion of mutation]
 13168 | D:12     | Gained mutation: You have sharp toenails. [potion of
                  | mutation]
 13168 | D:12     | Gained mutation: You expend magic power (3 MP) to
                  | strengthen your wands. [potion of mutation]
 13169 | D:12     | Lost mutation: You have sharp toenails. [potion of
                  | mutation]
 13169 | D:12     | Lost mutation: Your body sometimes deteriorates upon taking
                  | damage. [potion of mutation]
 13169 | D:12     | Gained mutation: You occasionally lose the ability to drink
                  | potions when taking damage. [potion of mutation]
 13170 | D:12     | Lost mutation: You expend magic power (3 MP) to strengthen
                  | your wands. [potion of mutation]
 13170 | D:12     | Lost mutation: You occasionally lose the ability to drink
                  | potions when taking damage. [potion of mutation]
 13170 | D:12     | Lost mutation: You are partially covered in iridescent
                  | scales. (AC +2) [potion of mutation]
 13170 | D:12     | Gained mutation: You have hidden genetic potential. [potion
                  | of mutation]
 13170 | D:12     | Gained mutation: Your body sometimes deteriorates upon
                  | taking damage. [potion of mutation]
 13170 | D:12     | Gained mutation: You have great hidden genetic potential.
                  | [potion of mutation]
 13172 | D:12     | Lost mutation: Your body sometimes deteriorates upon taking
                  | damage. [potion of mutation]
 13172 | D:12     | Lost mutation: You have great hidden genetic potential.
                  | [potion of mutation]
 13172 | D:12     | Gained mutation: You are weak. (Str -2) [potion of
                  | mutation]
 13172 | D:12     | Gained mutation: You are partially covered in large bone
                  | plates. (SH +4) [potion of mutation]
 13172 | D:12     | Gained mutation: Your flesh is cold resistant. (rC+)
                  | [potion of mutation]
 13315 | D:13     | Reached skill level 21 in Axes
 13350 | D:13     | Noticed Kirke
 13360 | D:13     | Noticed a centaur warrior
 13361 | D:13     | Killed Kirke
 13370 | D:13     | Killed a centaur warrior
 13395 | D:13     | Noticed Rupert
 13410 | D:13     | Paralysed by Rupert for 4 turns
 13427 | D:13     | Demolished by Rupert

Illustrated notes

Levels and vault maps discovered:
D:1:      tarquinn_simple_flora_water_b, layout_basic
D:2:      layout_loops_ring, uniq_crazy_yiuf_cottage
D:3:      layout_rooms, shapermc_ecumenical_altar_venn, uniq_natasha
D:4:      layout_basic, nicolae_hepliaklqana_hippocampus,
          nzn_wu_jian_contemplation, minmay_temple_entry_crystal_x, uniq_robin,
          uniq_blork_the_orc
D:5:      layout_basic, nicolae_tso_besieged_by_evil, gammafunk_ghost_cemetery,
          portal_sewer_entry_b, nicolae_figureground_pulse, uniq_ijyb,
          uniq_edmund
D:6:      layout_loops_corners, tgw_trog, nicolae_ashenzari_skybound,
          nicolae_gozag_seed_capital, minmay_manual_macuahuitl, uniq_menkaure,
          uniq_maggie
D:7:      layout_rooms, brannock_xom_greatest_gift, vehumet_statue,
          serial_shops, nicolae_shop_bloodbath_and_beyond, uniq_pikel
D:8:      layout_gridville
D:9:      minmay_gate_of_8, layout_irregular_city, erik_orc_4, enter_bailey_3,
          hex_medium, grunt_ministairs_1, eino_tiny_chamber, minmay_diced_spiral
D:10:     minmay_four_partial_circles, layout_rooms, uniq_snorg
D:11:     layout_long_grid, dpeg_oklobed_lair, st_stairs_9
D:12:     layout_cave_pods
D:13:     layout_irregular_city, david_vaults_4, serial_shops,
          nicolae_shop_statue_plus, uniq_kirke, uniq_rupert

Skill      XL: |  1  2  3  4  5  6  7  8  9 10 11 12 |
---------------+-------------------------------------+-----
Axes           | 4 5 7 10 13 15 17 19 21 | 21.2
Fighting       | 4 |  4.7
Ranged Weapons | 1 2 4 8 10 | 10.0
Armour         | 3 |  3.8
Dodging        | 3 |  3.5
Invocations    | 2 4 7 9 |  9.5

Action                     |  1- 3 |  4- 6 |  7- 9 | 10-12 || total
---------------------------+-------+-------+-------+-------++-------
  Melee: Hand axe          |    85 |    68 |       |       ||   153
         Headbutt          |    10 |    12 |    27 |   108 ||   157
         Battleaxe         |       |    26 |   155 |   586 ||   767
   Fire: Shortbow          |       |       |       |    27 ||    27
         Arbalest          |       |       |       |    11 ||    11
  Throw: Dart              |       |       |     1 |     4 ||     5
 Invoke: Berserk           |     1 |     8 |    13 |    43 ||    65
  Evoke: Wand              |       |       |       |     7 ||     7
         Phial of floods   |       |       |       |     1 ||     1
    Use: Potion            |       |       |     2 |     7 ||     9
         Scroll            |       |       |     2 |    11 ||    13
   Stab: Sleeping          |     1 |       |       |       ||     1
 Armour: Animal skin       |    12 |       |       |       ||    12
         Chain mail        |    15 |     8 |       |       ||    23
         Plate armour      |       |    87 |   104 |   341 ||   532
  Dodge: Dodged            |    50 |    66 |    53 |   251 ||   420
  Block: Other             |       |       |       |     4 ||     4
